 Dungeon Sprint DCSS version 0.28-a0-938-gbc3f381ebc (webtiles) character file.

Game seed: 4477758369518319420

27598 mhtbhm the Shatterer (level 13, -6/101 HPs)
             Began as a Gargoyle Berserker on Nov 28, 2021.
             Was a High Priest of Trog.
             Killed by an exploding ball lightning (13 damage)
             ... in the Dungeon (Sprint I: "Red Sonja").
             The game lasted 00:17:38 (5477 turns).

mhtbhm the Shatterer (Gargoyle Berserker)           Turns: 5477, Time: 00:17:39

Health: -6/101     AC: 36    Str: 24    XL:     13   Next: 33%
Magic:  1/13       EV: 14    Int: 10    God:    Trog [*****.]
Gold:   3142       SH:  5    Dex:  9    Spells: 12/12 levels left

rFire   + . .      SeeInvis .   a - +12 dire flail "Gargoyle's Doom" {flame, rC+}
rCold   + + .      Faith    .   (shield currently unavailable)
rNeg    + . .      Spirit   .   b - +6 plate armour {rC+}
rPois   ∞          Reflect  +   s - +1 helmet of Jigsaw {Will++}
rElec   +          Harm     .   (no cloak)
rCorr   +          Rampage  .   (no gloves)
Will    ++...      NoTele   +   (no boots)
Stlth   ..........              r - amulet of Yddi Opown {Reflect rCorr SH+5}
HPRegen 0.26/turn               p - +4 ring of evasion
MPRegen 0.13/turn               u - ring of protection from fire

@: frozen, on berserk cooldown, attractive, hasted and slowed, very slow
A: sickness immunity, AC +9, negative energy resistance 1, electricity
resistance, torment resistance 1, petrification resistance
a: Renounce Religion, Berserk, Trog's Hand, Brothers in Arms


You were in the Dungeon.
You worshipped Trog.
Trog was extremely pleased with you.
You visited 1 branch You collected 7100 gold pieces.
You spent 3958 gold pieces at shops.

Inventory:

Hand Weapons
 a - the +12 dire flail "Gargoyle's Doom" (weapon) {flame, rC+}
   (Trog gifted it to you in the Dungeon)

   It burns those it strikes, dealing additional fire damage.
   rC:        It protects you from cold.
 q - a +3 morningstar of holy wrath
Missiles
 m - 3 curare-tipped darts (quivered)
 y - 6 javelins
Armour
 b - a +6 plate armour of cold resistance (worn)
 s - the +1 helmet of Jigsaw (worn) {Will++}
   (You bought it in a shop in the Dungeon)

   Will:      It greatly increases your willpower.
Jewellery
 o - a ring of positive energy
 p - a +4 ring of evasion (left hand)
 r - the amulet of Yddi Opown (around neck) {Reflect rCorr SH+5}
   (You bought it in a shop in the Dungeon)

   [amulet of reflection]

   It reflects blocked missile attacks.
   rCorr:     It protects you from acid and corrosion.
   SH:        It affects your SH (+5).
 u - a ring of protection from fire (right hand)
 v - an amulet of guardian spirit
 x - a ring of protection from fire
 B - the amulet "Xozinyklac" {Spirit Drain Int+5}
   (You found it in the Dungeon)

   [amulet of guardian spirit]

   It causes incoming damage to be divided between your reserves of health and
   magic.
   Int:       It affects your intelligence (+5).
   Drain:     It drains your maximum health when unequipped.
 C - an amulet of the acrobat
 D - the ring of Osalier {rC++ EV+4}
   (You took it off a deep elf master archer in the Dungeon)

   [ring of evasion]

   EV:        It affects your evasion (+4).
   rC:        It greatly protects you from cold.
Wands
 i - a wand of flame (36)
 j - a wand of polymorph (8)
 k - a wand of acid (14)
Scrolls
 h - 3 scrolls of blinking
 l - a scroll of fog
 n - a scroll of enchant armour
 t - a scroll of summoning
 A - 2 scrolls of holy word
Potions
 c - 6 potions of curing
 e - 5 potions of haste
 f - 2 potions of magic
 g - a potion of berserk rage
 w - a potion of attraction
 z - a potion of mutation
Miscellaneous
 E - a condenser vane


   Skills:
 + Level 19.8 Fighting
 + Level 21.2 Maces & Flails
 + Level 17.7 Armour
 + Level 9.6 Dodging
 + Level 4.5 Stealth
 + Level 7.4 Shields
 + Level 1.6 Evocations


You had 12 spell levels left.
You didn't know any spells.
Your spell library was empty.

Dungeon Overview and Level Annotations

Branches:
Dungeon (1/1)

Altars:
Cheibriados
Dithmenos
Elyvilon
Fedhas
Gozag
Hepliaklqana
Kikubaaqudgha
Makhleb
Nemelex Xobeh
Okawaru
Qazlal
Ru
Sif Muna
Trog
Uskayaw
Vehumet
Wu Jian
Xom
Yredelemnul
Zin
The Shining One
Jiyva
Lugonu

Shops:
D *[?*(*?!:=(![(:==!:[*=

Annotations:
D Lom Lobon, Tiamat


Innate Abilities, Weirdness & Mutations

You are immune to sickness and miasma.
Your stone body is resilient. (AC +9)
You are immune to poison.
You resist negative energy. (rN+)
You are resistant to electric shocks. (rElec)
You are resistant to unholy torment.
You are immune to petrification.


Message History

You are encased in ice.
Unknown command.
You feel much better.
You float gracefully downwards.
Your stone giant closely misses Lom Lobon.
Lom Lobon gestures.
Your stone giant barely misses Lom Lobon.
The ball lightning is attracted toward you. x2 3 ball lightnings come into view.
Unknown command.
You impale Lom Lobon!! You burn Lom Lobon.
Lom Lobon is severely wounded.
The ball lightning explodes!
The blast of lightning engulfs your stone giant!!!
Your stone giant dies!
Your stone giant's corpse disappears in a puff of smoke!
The blast of lightning engulfs Lom Lobon.
Lom Lobon completely resists.
The blast of lightning engulfs the ball lightning.
The ball lightning completely resists.
The blast of lightning engulfs the ball lightning.
The ball lightning completely resists.
The blast of lightning engulfs you! You resist.
* * * LOW HITPOINT WARNING * * *
Lom Lobon gestures.
Lom Lobon is healed.
The ball lightning is attracted toward you.
Unknown command.
You bludgeon Lom Lobon!! You burn Lom Lobon.
Lom Lobon is moderately wounded.
The ball lightning explodes!
The blast of lightning engulfs Lom Lobon.
Lom Lobon completely resists.
The blast of lightning engulfs the ball lightning.
The ball lightning completely resists.
The blast of lightning engulfs you. You resist.
* * * LOW HITPOINT WARNING * * *
The ball lightning explodes!
The blast of lightning engulfs Lom Lobon.
Lom Lobon completely resists.
The blast of lightning engulfs you! You resist.
You die...

.#:.[#####...#### #≈≈≈≈##[...(.##
##(...)))..###°°. #≈≈≈≈≈########°
[.....)#####°°°°####≈≈≈≈#≈≈≈≈≈#..
......##○^^°○°°.#..#'≈≈≈'≈≈.≈≈○°○
.....##○°°°°○○°°#...##≈≈#≈≈≈≈≈#○○
.....# .°○°○○°°°#....######'#####
###### #○°°§°§#....#≈≈≈≈≈≈≈≈≈≈#
≈≈≈≈≈≈≈≈.#°°°..°#######≈≈≈[≈≈≈≈≈≈
##########○○°.^&@§§#)|'...≈≈≈≈≈≈≈
..0..+ ^.○°°°.§.#§°°§§#........≈≈
###### ##########################


You could see Lom Lobon (gusty).

Vanquished Creatures
  the Lernaean hydra (D)
  A golden dragon (D)
  A deep elf master archer (D)
  A shadow dragon (D)
  4 fire giants (D)
  A lorocyproca (D)
  A deep elf annihilator (D)
  A mummy priest (D)
  A hydra (D)
  2 centaur warriors (D)
  A deep troll (D)
  A lindwurm (D)
  2 oklob plants (D)
  A shining eye (D)
  2 merfolk sirens (D)
  A gargoyle (D)
  7 unseen horrors (D)
  2 kobold demonologists (D)
  4 demonic crawlers (D)
  A hellwing (D)
  A slime creature (D)
  3 hornets (D)
  Sigmund (D)
  2 redbacks (D)
  A yak (D)
  A basilisk (D)
  13 hogs (D)
  3 floating eyes (D)
  7 necrophages (D)
  An ogre (D)
  8 jellies (D)
  Ijyb (D)
78 creatures vanquished.

Vanquished Creatures (collateral kills)
  7 shining eyes (D)
  4 floating eyes (D)
11 creatures vanquished.

Vanquished Creatures (others)
  A gargoyle (D)
  2 hornets (D)
  3 ball lightnings (D)
  2 ballistomycete spores (D)
8 creatures vanquished.

Grand Total: 97 creatures vanquished

Notes
Turn   | Place    | Note
-------+----------+-------------------------------------------
     0 | D        | mhtbhm the Gargoyle Berserker began the quest for the Orb.
     0 | D        | Reached XP level 1. HP: 14/14 MP: 1/1
     2 | D        | Noticed Ijyb
    12 | D        | HP: 1/21 [Ijyb (3)]
    14 | D        | Killed Ijyb
    15 | D        | Reached skill level 5 in Fighting
    15 | D        | Reached skill level 4 in Maces & Flails
    15 | D        | Reached XP level 2. HP: 2/21 MP: 2/2
    15 | D        | Reached XP level 3. HP: 3/26 MP: 3/3
   299 | D        | Noticed an ogre
   304 | D        | Killed an ogre
   305 | D        | Reached skill level 6 in Maces & Flails
   305 | D        | Reached XP level 4. HP: 32/32 MP: 4/4
   415 | D        | Noticed Sigmund
   419 | D        | Killed Sigmund
   419 | D        | Reached ** piety under Trog
   420 | D        | Reached skill level 8 in Maces & Flails
   420 | D        | Reached skill level 5 in Armour
   420 | D        | Reached XP level 5. HP: 40/40 MP: 5/5
   420 | D        | Reached XP level 6. HP: 45/45 MP: 6/6
   472 | D        | Found an ornate altar of the Wu Jian Council.
   472 | D        | Found a shimmering blue altar of Sif Muna.
   474 | D        | Found a radiant altar of Vehumet.
   481 | D        | Reached skill level 9 in Maces & Flails
   610 | D        | Found Vapi's General Store.
   610 | D        | Found an ancient bone altar of Kikubaaqudgha.
   610 | D        | Found a hazy altar of Hepliaklqana.
   610 | D        | Found a stormy altar of Qazlal.
   610 | D        | Found a hide-covered altar of Uskayaw.
   610 | D        | Found a blossoming altar of Fedhas.
   610 | D        | Found a bloodstained altar of Trog.
   610 | D        | Found an iron altar of Okawaru.
   610 | D        | Found a basalt altar of Yredelemnul.
   610 | D        | Found a glowing golden altar of the Shining One.
   610 | D        | Found a snail-covered altar of Cheibriados.
   610 | D        | Found a sacrificial altar of Ru.
   610 | D        | Found a glowing silver altar of Zin.
   610 | D        | Found a shadowy altar of Dithmenos.
   610 | D        | Found a white marble altar of Elyvilon.
   610 | D        | Noticed a yak
   615 | D        | Killed a yak
   616 | D        | Reached skill level 10 in Maces & Flails
   616 | D        | Reached XP level 7. HP: 51/51 MP: 7/7
   616 | D        | Found an opulent altar of Gozag.
   617 | D        | Found a sparkling altar of Nemelex Xobeh.
   623 | D        | Bought a scroll of identify for 28 gold pieces
   654 | D        | Noticed Sonja
   655 | D        | Noticed Sonja
   655 | D        | Sonja changed into Sonja the basilisk
   662 | D        | Killed Sonja the basilisk
   663 | D        | Reached skill level 10 in Fighting
   723 | D        | Found Cunuc's General Store.
   781 | D        | Noticed a deep troll
   794 | D        | Killed a deep troll
   794 | D        | Reached *** piety under Trog
   795 | D        | Reached skill level 11 in Maces & Flails
   795 | D        | Reached skill level 5 in Dodging
   795 | D        | Reached XP level 8. HP: 6/60 MP: 8/8
   804 | D        | Found Elaor's Armour Emporium.
  1063 | D        | Noticed a centaur warrior
  1065 | D        | Noticed a centaur warrior
  1079 | D        | Killed a centaur warrior
  1080 | D        | Reached skill level 12 in Maces & Flails
  1080 | D        | Reached skill level 1 in Stealth
  1080 | D        | Reached XP level 9. HP: 54/65 MP: 9/9
  1086 | D        | Killed a centaur warrior
  1087 | D        | Reached skill level 13 in Maces & Flails
  1087 | D        | Reached skill level 10 in Armour
  1253 | D        | Noticed a hornet
  1258 | D        | Killed a hornet
  1292 | D        | Noticed an oklob plant
  1304 | D        | Killed an oklob plant
  1305 | D        | Reached skill level 14 in Maces & Flails
  1455 | D        | Reached **** piety under Trog
  1564 | D        | Killed an unseen horror
  1565 | D        | Reached XP level 10. HP: 57/73 MP: 10/10
  1568 | D        | Killed an unseen horror
  1758 | D        | Paralysed by a floating eye for 4 turns
  1772 | D        | Reached ***** piety under Trog
  1875 | D        | Found the +5 sword of Power {vorpal}
  1903 | D        | Received a gift from Trog
  1919 | D        | Reached skill level 15 in Maces & Flails
  1963 | D        | Found Biowairo's Distillery.
  1963 | D        | Found Xiukh's Magic Scroll Shop.
  1963 | D        | Found Fupn's Book Boutique.
  1965 | D        | Found Tipna's Jewellery Emporium.
  1965 | D        | Found Efosa's Antique Weapon Shop.
  1965 | D        | Found Distom's Distillery.
  1965 | D        | Found Zueqowugao's Armour Boutique.
  1965 | D        | Found Ehojeac's Antique Weapon Emporium.
  1965 | D        | Found Meoqyll's Book Shop.
  1965 | D        | Found Vynieraph's Jewellery Shoppe.
  1967 | D        | Bought a scroll of blinking for 105 gold pieces
  1967 | D        | Bought a scroll of enchant armour for 105 gold pieces
  1969 | D        | Found Cur Xivuor's Jewellery Boutique.
  1970 | D        | Bought the amulet of Yddi Opown {Reflect rCorr SH+5} for
                  | 426 gold pieces
  1975 | D        | Found Zowes's Book Emporium.
  1975 | D        | Found Myibonu's Distillery.
  1976 | D        | Found Joutunatu's General Store.
  1978 | D        | Bought the +1 helmet of Jigsaw {Will++} for 298 gold pieces
  1991 | D        | Bought a potion of heal wounds for 55 gold pieces
  1991 | D        | Bought a potion of heal wounds for 55 gold pieces
  1991 | D        | Bought a potion of heal wounds for 55 gold pieces
  1991 | D        | Bought a potion of heal wounds for 55 gold pieces
  1992 | D        | Bought a scroll of blinking for 90 gold pieces
  2037 | D        | Found a burning altar of Makhleb.
  2037 | D        | Found a viscous altar of Jiyva.
  2037 | D        | Found a shimmering altar of Xom.
  2037 | D        | Found a corrupted altar of Lugonu.
  2044 | D        | Reached ****** piety under Trog
  2060 | D        | Noticed a kobold demonologist
  2060 | D        | Noticed a kobold demonologist
  2066 | D        | Killed a kobold demonologist
  2069 | D        | Noticed an orange demon
  2073 | D        | Killed a kobold demonologist
  2073 | D        | Received a gift from Trog
  2136 | D        | Reached skill level 15 in Fighting
  2136 | D        | Reached skill level 1 in Shields
  2154 | D        | Noticed a gargoyle
  2157 | D        | Killed a gargoyle
  2157 | D        | Received a gift from Trog
  2158 | D        | Reached XP level 11. HP: 62/81 MP: 11/11
  2192 | D        | Noticed a lindwurm
  2197 | D        | Killed a lindwurm
  2198 | D        | Reached skill level 16 in Maces & Flails
  2333 | D        | Received a gift from Trog
  2401 | D        | Noticed a 12-headed hydra
  2406 | D        | Killed a 12-headed hydra
  2407 | D        | Reached skill level 17 in Maces & Flails
  2474 | D        | Noticed a daeva
  2482 | D        | Identified the +12 dire flail "Gargoyle's Doom" {flame,
                  | rC+} (Trog gifted it to you in the Dungeon)
  2482 | D        | Received a gift from Trog
  2820 | D        | Bought a ring of protection from fire for 250 gold pieces
  2967 | D        | Noticed a shadow dragon
  2967 | D        | Noticed a golden dragon
  2985 | D        | Killed a golden dragon
  2986 | D        | Reached skill level 18 in Maces & Flails
  2986 | D        | Reached skill level 1 in Evocations
  3000 | D        | Killed a shadow dragon
  3001 | D        | Reached XP level 12. HP: 36/91 MP: 4/12
  3070 | D        | Found Moguinn's Jewellery Shoppe.
  3093 | D        | Bought an amulet of reflection for 390 gold pieces
  3416 | D        | Noticed a fire giant
  3416 | D        | Noticed a fire giant
  3416 | D        | Noticed a fire giant
  3416 | D        | Noticed a fire giant
  3421 | D        | Killed a fire giant
  3421 | D        | Received a gift from Trog
  3422 | D        | Reached skill level 19 in Maces & Flails
  3422 | D        | Reached skill level 5 in Shields
  3425 | D        | Killed a fire giant
  3432 | D        | Killed a fire giant
  3437 | D        | Killed a fire giant
  3437 | D        | Received a gift from Trog
  3681 | D        | Found the +4 dragonskin cloak
  3681 | D        | Noticed Tiamat
  3909 | D        | Killed a lorocyproca
  3910 | D        | Reached skill level 15 in Armour
  4473 | D        | Gained mutation: You are robust. (+10% HP) [a shining eye]
  4474 | D        | Lost mutation: You are robust. (+10% HP) [a shining eye]
  4478 | D        | Reached skill level 20 in Maces & Flails
  4482 | D        | Paralysed by a floating eye for 2 turns
  4484 | D        | Received a gift from Trog
  4510 | D        | Found Taonarah's Weapon Shop.
  4510 | D        | Found Neasig's Armour Shoppe.
  4510 | D        | Found Hoxoumn's General Store.
  4510 | D        | Found Zyskon's Magic Scroll Emporium.
  4519 | D        | Bought a scroll of blinking for 75 gold pieces
  4519 | D        | Bought a scroll of blinking for 75 gold pieces
  4519 | D        | Bought a scroll of holy word for 75 gold pieces
  4526 | D        | Bought a scroll of acquirement for 572 gold pieces
  4526 | D        | Bought a scroll of blinking for 82 gold pieces
  4526 | D        | Bought a scroll of holy word for 82 gold pieces
  4526 | D        | Bought a potion of heal wounds for 55 gold pieces
  4531 | D        | Acquired 651 gold pieces
  4551 | D        | Bought a scroll of identify for 20 gold pieces
  4551 | D        | Bought a scroll of identify for 20 gold pieces
  4574 | D        | Bought a potion of curing for 39 gold pieces
  4574 | D        | Bought a scroll of enchant armour for 97 gold pieces
  4620 | D        | Bought a +1 morningstar of holy wrath for 198 gold pieces
  4676 | D        | Bought a scroll of enchant armour for 105 gold pieces
  4676 | D        | Bought a potion of mutation for 112 gold pieces
  4711 | D        | Bought a potion of attraction for 39 gold pieces
  4796 | D        | Bought a potion of haste for 120 gold pieces
  4796 | D        | Bought a potion of heal wounds for 60 gold pieces
  4797 | D        | Bought a potion of haste for 110 gold pieces
  4797 | D        | Bought a potion of haste for 110 gold pieces
  4885 | D        | Noticed a deep elf annihilator
  4892 | D        | Killed a deep elf annihilator
  4895 | D        | Received a gift from Trog
  4901 | D        | Reached XP level 13. HP: 89/100 MP: 13/13
  4909 | D        | Found the +18 shield of the Gong {rElec rN+ Will+ EV-5}
  4938 | D        | Received a gift from Trog
  4983 | D        | Noticed a mummy priest
  4996 | D        | Killed a mummy priest
  4997 | D        | Reached skill level 21 in Maces & Flails
  5105 | D        | Noticed the 27-headed Lernaean hydra
  5116 | D        | Killed the 27-headed Lernaean hydra
  5223 | D        | Identified the amulet "Xozinyklac" {Spirit Drain Int+5}
  5415 | D        | Identified the ring of Osalier {rC++ EV+4}
  5415 | D        | Noticed a deep elf master archer
  5419 | D        | Killed a deep elf master archer
  5452 | D        | Noticed Lom Lobon
  5474 | D        | HP: 2/101 [Lom Lobon/great icy blast (31)]
  5477 | D        | Killed by an exploding ball lightning

Illustrated notes

Levels and vault maps discovered:
D:        dungeon_sprint_1 [red_sonja_temple_1, red_sonja_temple_small_1]

Skill      XL: |  1  2  3  4  5  6  7  8  9 10 11 12 13 |
---------------+----------------------------------------+-----
Fighting       | 5 6 8 9 11 13 15 17 19 | 19.8
Maces & Flails | 4 6 8 10 11 12 14 15 18 20 21 | 21.2
Dodging        | 2 3 4 5 6 7 9 |  9.6
Armour         | 3 5 6 7 9 11 12 13 16 17 | 17.7
Stealth        | 1 2 3 4 |  4.5
Shields        | 1 4 6 7 |  7.4
Evocations     | 1 |  1.6

Action                   |  1- 3 |  4- 6 |  7- 9 | 10-12 | 13-15 || total
-------------------------+-------+-------+-------+-------+-------++-------
Melee: Mace              |    14 |    11 |    84 |    67 |       ||   176
       Dire flail        |       |       |       |    94 |    46 ||   140
       Great mace        |       |       |       |    86 |       ||    86
Invok: Berserk           |     2 |     2 |     6 |    10 |     3 ||    23
       Brothers in Arms  |       |       |       |     3 |     2 ||     5
       Trog's Hand       |       |       |       |       |     1 ||     1
Evoke: Wand              |       |       |     1 |     1 |       ||     2
  Use: Scroll            |       |       |     1 |    13 |     2 ||    16
       Potion            |       |       |       |     1 |     9 ||    10
Armor: Animal skin       |     2 |       |       |       |       ||     2
       Ring mail         |       |     5 |    40 |    25 |       ||    70
       Plate armour      |       |       |       |    88 |    69 ||   157
Dodge: Dodged            |     4 |     4 |    55 |   107 |    21 ||   191
Block: Other             |       |       |       |    28 |    14 ||    42
       Reflection        |       |       |       |       |     1 ||     1

Table legend: (Time is in decaauts)
 A = Elapsed time spent in this place.
 B = Non-inter-level travel time spent in this place.
 C = Inter-level travel time spent in this place.
 D = Time resting spent in this place.
 E = Time spent auto-exploring this place.
 F = Levels seen in this place.
 G = Mean time per level.
                   A        B        C        D        E       F      G
               +--------+--------+--------+--------+--------+-----+--------+
         Total |   5562 |   5482 |     80 |   3180 |      0 |   1 | 5562.0 |
       Dungeon |   5562 |   5482 |     80 |   3180 |      0 |   1 | 5562.0 |
               +--------+--------+--------+--------+--------+-----+--------+

Top non-repeatable levels by time:
       D: 5562 daAuts
